 Dungeon Crawl Stone Soup version 0.30-a0-341-g682706514a (webtiles) character file.

Game seed: 88605136735737568

135 sanka the Caller (level 4, -1/33 HPs)
             Began as a Demigod Summoner on Nov 3, 2022.
             Slain by an ufetubus (4 damage)
             ... summoned by Eustachio
             ... on level 4 of the Dungeon.
             The game lasted 00:04:58 (3083 turns).

sanka the Caller (Demigod Summoner)                 Turns: 3083, Time: 00:04:59

Health: -1/33      AC:  3    Str:  9    XL:     4   Next: 65%
Magic:  0/9        EV: 12    Int: 21    God:
Gold:   135        SH:  0    Dex: 20    Spells: 1/7 levels left

rFire   . . .      SeeInvis .    j - +0 morningstar
rCold   . . .      Faith    .    (no shield)
rNeg    . . .      Spirit   .    a - +0 robe
rPois   .          Reflect  .    (no helmet)
rElec   .          Harm     .    (no cloak)
rCorr   .          Rampage  .    g - +0 pair of gloves
Will    .....                    (no boots)
Stlth   ++........               (no amulet)
HPRegen 0.25/turn                (no ring)
MPRegen 0.11/turn                h - +6 ring of dexterity

@: no status effects
A: high MP 1, forlorn, divine attributes
a: no special abilities


You were on level 4 of the Dungeon.
You visited 1 branch of the dungeon, and saw 4 of its levels.

You collected 135 gold pieces.


Innate Abilities, Weirdness & Mutations

You have an increased reservoir of magic. (+10% MP)
You shall have no god before yourself.
Your divine heritage dramatically boosts your attributes as you level up.


   Skills:
 - Level 1.7 Dodging
 - Level 1.7 Stealth
 - Level 2.0 Spellcasting
 + Level 5.6 Summonings


You had one spell level left.
You knew the following spells:

 Your Spells              Type           Power      Damage    Failure   Level
c - Call Canine Familiar  Summ           26%        N/A       4%          3
x - Call Imp              Summ           26%        N/A       2%          2
z - Summon Small Mammal   Summ           100%       N/A       1%          1

Your spell library contained the following spells:

 Spells                   Type           Power      Damage    Failure   Level
 Summon Guardian Golem    Hex/Summ       14%        N/A       14%         3
 Dazzling Flash           Conj/Hex       4%         N/A       41%         3
 Summon Lightning Spire   Summ/Air       14%        N/A       41%         4
 Iskenderun's Mystic Bla  Conj/Tloc      2%         2d3       82%         4
 Starburst                Conj/Fire      1%         6d3       100%        6

Inventory:

Hand Weapons
 j - a +0 morningstar (weapon)
Armour
 a - a +0 robe (worn)
 g - a +0 pair of gloves (worn)
Jewellery
 h - a +6 ring of dexterity (right hand)
 l - a ring of fire
Scrolls
 e - a scroll of vulnerability {!r}
 f - a scroll of fear
 i - 2 scrolls of immolation {!r}
Potions
 b - 2 potions of magic
 d - 2 potions of mutation {!q}
 k - a potion of degeneration {unknown}
 m - 3 potions of lignification {!q}

Dungeon Overview and Level Annotations

Branches:
Dungeon (4/15)             Temple (0/1) D:4

Annotations:
D:4 Edmund, Eustachio

▒▒.
...........▒▒▒▒▒▒▒
▒▒
▒▒▒.5@...........
▒.........o....
▒#..▒▒▒........
▒)†.▒ ▒...o.o..
▒..#▒ ▒........
▒.b{▒ ▒.....~..
▒5.h▒ ▒....~~~~
▒po.▒ ▒...~≈_..
▒...▒ ....≈~~
▒...▒ ▒▒▒▒▒


You could see Eustachio, an orc, an ufetubus (summoned), a bat (summoned), a
friendly hound (summoned) and a friendly crimson imp (summoned).


Message History

Unknown command.
Okay, then.
As you read the scroll of identify {@r1}, it crumbles to dust.
m - 3 potions of lignification The bat misses you.
The bat hits your hound.
Your hound bites the orc.
The orc dies!
The ufetubus hits you.
* * * LOW HITPOINT WARNING * * *
The ufetubus barely misses you. The orc hits you with a +0 club.
* * * LOW HITPOINT WARNING * * *
Something hits your hound.
Eustachio gestures wildly while chanting.
Eustachio blinks!
Unknown command.
As you read the scroll of identify {@r1}, it crumbles to dust.
d - 2 potions of mutation The ufetubus hits you.
* * * LOW HITPOINT WARNING * * *
The ufetubus hits you.
* * * LOW HITPOINT WARNING * * *
The bat barely misses you. The orc misses you.
You hear some strange, mumbled words.
A puff of flame appears from out of thin air!
The puff of flame misses you. The ufetubus hits you.
You die...

Action                   |  1- 3 |  4- 6 || total
-------------------------+-------+-------++-------
Melee: Morningstar       |    50 |    24 ||    74
       Unarmed           |     3 |       ||     3
       Punch             |       |     1 ||     1
 Cast: Summon Small Mamm |    37 |     2 ||    39
       Call Imp          |     9 |     4 ||    13
       Call Canine Famil |       |     2 ||     2
  Use: Scroll            |       |     5 ||     5
 Stab: Sleeping          |     8 |     2 ||    10
Armor: Robe              |    12 |    14 ||    26
Dodge: Dodged            |    37 |    55 ||    92

Levels and vault maps discovered:
D:1:      psy_arrival_dodecagon, layout_loops_corners, minivault_14,
          minmay_pentomino_w2
D:2:      layout_basic, amethyst_killhole, minmay_stone_trees_small
D:3:      layout_basic
D:4:      layout_basic, fedhas_altar_2, mainiacjoe_overflow_small_starburst,
          mainiacjoe_overflow_catwalk, minmay_temple_entry_stoned_glass,
          cheibrodos_sewer_entry_drain, uniq_robin, uniq_eustachio, uniq_edmund

Notes
Turn   | Place    | Note
-------+----------+-------------------------------------------
     0 | D:1      | sanka the Demigod Summoner began the quest for the Orb.
     0 | D:1      | Reached XP level 1. HP: 14/14 MP: 5/5
   245 | D:1      | Reached skill level 2 in Spellcasting
   289 | D:1      | Reached skill level 4 in Summonings
   408 | D:1      | Reached XP level 2. HP: 20/20 MP: 4/7
   730 | D:1      | Learned a level 2 spell: Call Imp
  1290 | D:2      | Reached XP level 3. HP: 26/26 MP: 8/8
  1297 | D:2      | Learned a level 3 spell: Call Canine Familiar
  1754 | D:2      | Reached skill level 5 in Summonings
  2639 | D:3      | Reached XP level 4. HP: 21/33 MP: 9/9
  3040 | D:4      | Found a staircase to the Ecumenical Temple.
  3042 | D:4      | Noticed Eustachio
  3044 | D:4      | Noticed Edmund
  3083 | D:4      | HP: 3/33 [ufetubus[Eustachio] (2)]
  3083 | D:4      | Slain by an ufetubus

Vanquished Creatures
  A hound (D:4)
  A ball python (D:2)
  2 bats (D:2)
  4 endoplasms
  3 giant cockroaches (D:2)
  5 goblins
  4 hobgoblins
  2 frilled lizards
  A kobold (D:3)
  A rat (D:2)
24 creatures vanquished.

Vanquished Creatures (collateral kills)
  3 adders
  3 worms (D:2)
  3 dart slugs
  2 orcs (D:4)
  A ball python (D:1)
  2 endoplasms
  2 giant cockroaches (D:1)
  5 goblins
  3 hobgoblins
  2 kobolds (D:1)
  A quokka (D:1)
  2 bats (D:1)
  A frilled lizard (D:1)
  A rat (D:1)
31 creatures vanquished.

Grand Total: 55 creatures vanquished
